 Dungeon Crawl Stone Soup version 0.29-a0-668-g12ee2bf84d (webtiles) character file.

Game seed: 11871571666193675567

496 blackman the Chopper (level 7, -26/52 HPs)
             Began as a Human Delver on June 23, 2022.
             Was a Believer of Zin.
             Killed by an exploding adder (29 damage)
             ... ignited by their inner flame
             ... on level 5 of the Dungeon.
             The game lasted 00:12:24 (7264 turns).

blackman the Chopper (Human Delver)                 Turns: 7264, Time: 00:12:25

Health: -26/52     AC:  3    Str: 15    XL:     7   Next: 38%
Magic:  0/7        EV: 12    Int: 10    God:    Zin [**....]
Gold:   71         SH:  0    Dex: 14    Spells: 6/6 levels left

rFire   . . .      SeeInvis .   p - +2 whip (venom)
rCold   . . .      Faith    .   (no shield)
rNeg    . . .      Spirit   +   b - +0 leather armour
rPois   .          Reflect  .   (no helmet)
rElec   .          Harm     .   (no cloak)
rCorr   +          Rampage  .   (no gloves)
Will    .....                   (no boots)
Stlth   +++.......              v - amulet of guardian spirit
HPRegen 0.17/turn               d - ring of resist corrosion
MPRegen 0.10/turn               (no ring)

@: lethally poisoned (-26 -> -29)
A: no striking features
a: Renounce Religion, Recite, Vitalisation, Donate Gold


You were on level 5 of the Dungeon.
You worshipped Zin.
Zin was pleased with you.
You visited 1 branch of the dungeon, and saw 5 of its levels.

You collected 194 gold pieces.
You donated 123 gold pieces to Zin.

Inventory:

Hand Weapons
 a - a +0 spear
 p - a +2 whip of venom (weapon)
Missiles
 r - 3 poisoned darts (quivered)
 s - 6 javelins
Armour
 b - a +0 leather armour (worn)
Jewellery
 d - a ring of resist corrosion (left hand)
 v - an amulet of guardian spirit (around neck)
Wands
 e - a wand of light (13)
 g - a wand of digging (3)
 i - a wand of paralysis (8)
Scrolls
 c - 2 scrolls of fog
 f - 3 scrolls of amnesia {unknown}
 h - a scroll of teleportation
 j - 2 scrolls of magic mapping
 l - a scroll of identify {unknown}
 n - a scroll of vulnerability {unknown}
 o - a scroll of enchant weapon {unknown}
 q - a scroll of torment {unknown}
 u - a scroll of summoning {unknown}
 w - a scroll of acquirement {unknown}
Potions
 t - 2 potions of attraction


   Skills:
 - Level 3.0 Fighting
 * Level 7.1(7.3) Axes
 - Level 2.3(5.0) Polearms
 - Level 2.0 Dodging
 - Level 5.0 Stealth


You had 6 spell levels left.
You didn't know any spells.
Your spell library contained the following spells:

 Spells                   Type           Power      Damage    Failure   Level
 Sting                    Tmut/Pois      0%         1d3       43%         1
 Summon Small Mammal      Summ           0%         N/A       43%         1
 Blink                    Tloc           0%         N/A       56%         2
 Poisonous Vapours        Pois/Air       0%         N/A       56%         2
 Scorch                   Fire           0%         2d5       56%         2
 Call Canine Familiar     Summ           0%         N/A       80%         3
 Lesser Beckoning         Tloc           0%         N/A       80%         3
 Summon Guardian Golem    Hex/Summ       0%         N/A       80%         3
 Flame Wave               Conj/Fire      0%         2d4       99%         4
 Olgreb's Toxic Radiance  Pois           0%         N/A       99%         4
 Manifold Assault         Tloc           0%         N/A       100%        5
 Summon Cactus Giant      Summ           0%         N/A       100%        6
 Orb of Destruction       Conj           0%         9d5       100%        7
 Spellforged Servitor     Conj/Summ      0%         N/A       100%        7


Dungeon Overview and Level Annotations

Branches:
Dungeon (5/15)
 Temple: D:4-7

Altars:
Ru
Zin
The Shining One

Shops:
D:5 *

Annotations:
D:4 1 runed translucent door, Crazy Yiuf


Message History

You feel sick.
You are no longer poisoned.
The adder bites you.
* * * LOW HITPOINT WARNING * * *
You are poisoned.
The adder poisons you!
Aiming: Paralyse
Press: ? - help, Shift-Dir - straight line, f - adder
Aim: an adder (moderately wounded, very poisoned, chance to affect: 57%)
The adder resists with significant effort.
You feel sick. The adder closely misses you.
Unknown command.
Aiming: Paralyse
Press: ? - help, Shift-Dir - straight line, f/p - adder
Aim: an adder (moderately wounded, very poisoned, chance to affect: 57%)
The adder resists with significant effort.
You feel sick. The adder bites you.
* * * LOW HITPOINT WARNING * * *
Aiming: Paralyse
Press: ? - help, Shift-Dir - straight line, f/p - adder
Aim: an adder (severely wounded, very poisoned, chance to affect: 57%)
The adder suddenly stops moving!
* * * LOW HITPOINT WARNING * * *
You feel sick.
Okay, then.
Unknown command.
Unknown command.
Unknown command.
As you read the scroll labelled SELOH EFIT, it crumbles to dust.
The creatures around you are filled with an inner flame!
It was a scroll of immolation.
* * * LOW HITPOINT WARNING * * *
You feel sick.
Flame seeps out of the iguana.
The iguana is engulfed in blazing flames.
The iguana explodes!
The fiery explosion engulfs the adder!!
The adder explodes!
The fiery explosion engulfs you!!
Ouch! That really hurt!
You die...

### #...,,,,,,,*,,,,,,,,,,
####<#######.#######,**,********,
....................,,,,,,,,,,,,,
####.#######.######*,,,,**,***,*,
#.# #.# *******,*,*,*, ###.####
#†# #####**#,*,*,*, #......#
#.#### #...,,.#,#,,,*,
##.#.##.####....###§####.#.#,***,
................@§○........#,,,,,
######..........##§§.......#,,,,,
*,,,#......)...##.......#,*,****
**,*,###........##.......#,,,*,,,
,#,*,,..[.......##.......#,,,*,**
.#,**####.......##.......#,,,*,**
.#,* ####.##.##.......#,,,*,**
.*,* ******#.##.##.......#,..#.#*
##.# *,,,,,#,*#....+...#.#,#...,,


There were no monsters in sight!

Vanquished Creatures
  Blork the orc (D:5)
  A necrophage (D:4)
  A scorpion (D:5)
  3 hounds
  4 iguanas
  Robin (D:3)
  5 adders
  An ufetubus (D:4)
  6 orcs
  2 ball pythons
  5 endoplasms
  2 giant cockroaches (D:1)
  16 goblins
  15 hobgoblins
  6 jackals
  6 kobolds
  3 quokkas
  5 bats
  5 frilled lizards
  2 rats (D:1)
90 creatures vanquished.

Notes
Turn   | Place    | Note
-------+----------+-------------------------------------------
     0 | D:5      | blackman the Human Delver began the quest for the Orb.
     0 | D:5      | Reached XP level 1. HP: 18/18 MP: 1/1
    14 | D:5      | Found Zin's Purification Station.
    17 | D:5      | Found a glowing silver altar of Zin.
    19 | D:5      | Became a worshipper of Zin the Law-Giver
    45 | D:4      | Noticed a necrophage
    61 | D:4      | Noticed a hound
    82 | D:3      | Noticed Robin
   310 | D:1      | Reached XP level 2. HP: 23/24 MP: 2/2
   359 | D:1      | Reached skill level 1 in Axes
   539 | D:1      | Reached skill level 2 in Axes
   539 | D:1      | Reached XP level 3. HP: 29/29 MP: 3/3
   859 | D:1      | Donated 9 gold pieces to Zin
  1082 | D:1      | Found a faded altar of an unknown god.
  1090 | D:1      | Reached * piety under Zin
  1436 | D:2      | Reached skill level 3 in Axes
  1436 | D:2      | Reached XP level 4. HP: 35/35 MP: 4/4
  2861 | D:2      | Donated 29 gold pieces to Zin
  2877 | D:3      | HP: 1/35 [Robin/+0 short sword (3)]
  2882 | D:3      | Killed Robin
  3442 | D:3      | Reached XP level 5. HP: 37/41 MP: 5/5
  3452 | D:3      | Reached skill level 4 in Axes
  5470 | D:3      | Found a glowing golden altar of the Shining One.
  5651 | D:3      | Reached skill level 5 in Axes
  5717 | D:3      | Reached XP level 6. HP: 39/47 MP: 6/6
  6336 | D:4      | Found a sacrificial altar of Ru.
  6419 | D:4      | Reached ** piety under Zin
  6551 | D:4      | Found a runed translucent door.
  6552 | D:4      | Noticed Crazy Yiuf
  6703 | D:4      | Donated 66 gold pieces to Zin
  6770 | D:5      | Noticed Blork the orc
  6790 | D:5      | Killed Blork the orc
  6791 | D:5      | Reached skill level 6 in Axes
  6802 | D:5      | Reached XP level 7. HP: 5/52 MP: 2/7
  7236 | D:5      | Reached skill level 7 in Axes
  7264 | D:5      | Killed by an exploding adder... ignited by their inner
                  | flame

Illustrated notes

Levels and vault maps discovered:
D:1:      lightli_molten_gateway, layout_basic,
          shapermc_ecumenical_altar_mp_urbaneastern, kennysheep_flooded_box,
          grunt_decor_arrowhead
D:2:      layout_basic, grunt_decor_junction, minmay_hedge_maze,
          minmay_misc_feat_columns
D:3:      layout_basic, mainiacjoe_overflow_alcove_4, uniq_robin
D:4:      layout_rooms, mainiacjoe_overflow_concentric_impassable,
          serial_park_tiny_pond, minmay_misc_feat_cross, uniq_crazy_yiuf_cottage
D:5:      layout_basic, grunt_temple_overflow_champion_of_chaos,
          ashenzari_altar_1, zin_purify, uniq_eustachio, uniq_blork_the_orc

Skill      XL: |  1  2  3  4  5  6  7 |
---------------+----------------------+-----
Axes           | 2 3 5 6 7 |  7.1
Fighting       | |  3.0
Polearms       | |  2.3
Dodging        | |  2.0
Stealth        | |  5.0

Action                   |  1- 3 |  4- 6 |  7- 9 || total
-------------------------+-------+-------+-------++-------
Melee: Spear             |   108 |   123 |       ||   231
       Whip              |       |    81 |    20 ||   101
Throw: Dart              |       |     4 |       ||     4
       Javelin           |       |     2 |       ||     2
Invok: Donate Gold       |     1 |     2 |       ||     3
       Recite            |       |     3 |       ||     3
Evoke: Wand              |       |     1 |     3 ||     4
  Use: Scroll            |     2 |       |     2 ||     4
       Potion            |     1 |     6 |       ||     7
 Stab: Sleeping          |    12 |     4 |       ||    16
       Paralysed         |       |     2 |       ||     2
       Distracted        |       |       |     1 ||     1
Armor: Leather armour    |    16 |    51 |       ||    67
Dodge: Dodged            |    53 |   122 |    12 ||   187

Table legend: (Time is in decaauts)
 A = Elapsed time spent in this place.
 B = Non-inter-level travel time spent in this place.
 C = Inter-level travel time spent in this place.
 D = Time resting spent in this place.
 E = Time spent auto-exploring this place.
 F = Levels seen in this place.
 G = Mean time per level.
                   A        B        C        D        E       F      G
               +--------+--------+--------+--------+--------+-----+--------+
         Total |   7215 |   7073 |    142 |   3255 |   2961 |   5 | 1443.0 |
       Dungeon |   7215 |   7073 |    142 |   3255 |   2961 |   5 | 1443.0 |
               +--------+--------+--------+--------+--------+-----+--------+

Top non-repeatable levels by time:
     D:3: 2924 daAuts
     D:2: 1678 daAuts
     D:1: 1057 daAuts
     D:4: 980 daAuts
     D:5: 574 daAuts
